PAA
ATHLETIC CLUB KC ACADEMY @ NORTHVILLE ECLIPSE
07/27/2048
 
TOP OF THE 1ST
Athletic Club KC Academy batting - Pitching for Northville Eclipse : RHP Constantino Ruíz
Pitching: RHP Constantino Ruíz
Batting: RHB Levka Efremov 0-0: Ball
1-0: Ball
2-0: Called Strike
2-1: Swinging Strike
2-2: Ball
3-2: Fly out, F7 (Flyball, 7LS, EV 86.2 MPH)
Batting: RHB Vasan Parthiban 0-0: Swinging Strike
0-1: Ball
1-1: DOUBLE (Line Drive, 8LXD, EV 105.6 MPH)
Batting: SHB Katsuya Nomura 0-0: Fly out, F8 (Flyball, 8RXD, EV 90.6 MPH)
Runner from 2nd tags up, SAFE at 3rd, no throw by CF
Batting: RHB Ryan Conley 0-0: Ball
1-0: Ball
2-0: Called Strike
2-1: Ball
3-1: Foul Ball, location: 2F
3-2: Strikes out swinging
Top of the 1st over - 0 runs, 1 hit, 0 errors, 1 left on base; Athletic Club KC Academy 0 - Northville 0
BOTTOM OF THE 1ST
Northville Eclipse batting - Pitching for Athletic Club KC Academy : RHP Jamie Miller
Pitching: RHP Jamie Miller
Batting: RHB Esteban Costello 0-0: Swinging Strike
0-1: Ball
1-1: Ball
2-1: Ground out 4-3 (Groundball, 4, EV 83.8 MPH)
Batting: LHB Bill Fisher 0-0: SINGLE (Line Drive, 6D, EV 98.1 MPH)
Batting: LHB Étienne Jobe 0-0: Ball
1-0: Ball
2-0: Ball
3-0: Base on Balls
Bill Fisher to second
Batting: LHB Norberto Pacheco 0-0: Ball
1-0: Swinging Strike
1-1: Swinging Strike
1-2: Strikes out swinging
Batting: RHB Ricardo Vásquez 0-0: Ball
1-0: Called Strike
1-1: SINGLE (Groundball, 6D, EV 96.9 MPH)
Bill Fisher to third
Étienne Jobe to second
Runner from 3rd tries for Home, throw by LF and OUT! 7-2
Bottom of the 1st over - 0 runs, 2 hits, 0 errors, 2 left on base; Athletic Club KC Academy 0 - Northville 0
TOP OF THE 2ND
Athletic Club KC Academy batting - Pitching for Northville Eclipse : RHP Constantino Ruíz
Batting: RHB Julián Morcuendez 0-0: Called Strike
0-1: Ball
1-1: Ball
2-1: Swinging Strike
2-2: SINGLE (Groundball, 56D, EV 101.9 MPH)
Batting: LHB Motoki Yamasaki 0-0: Ball
1-0: Ball
2-0: Ball
3-0: Base on Balls
Julián Morcuendez to second
Batting: RHB Stefano Lippi 0-0: Ball
1-0: Fielders Choice at 2nd, 6-4 (Groundball, 56, EV 83.8 MPH)
Julián Morcuendez to third
Batting: LHB Ángel López 0-0: Ball
1-0: 3-RUN HOME RUN (Flyball, 7D, EV 98.1 MPH), Distance : 383 ft
Batting: LHB Greg O'Day 0-0: Foul Ball, location: 2F
0-1: Ball
1-1: Ball
2-1: Ball
3-1: Base on Balls
Batting: RHB Levka Efremov 0-0: Ball
1-0: Ball
2-0: Ball
3-0: Base on Balls
Greg O'Day to second
Batting: RHB Vasan Parthiban 0-0: Ball
1-0: Called Strike
1-1: Ball
2-1: Called Strike
2-2: Foul Ball, location: 2F
2-2: Foul Ball, location: 2F
2-2: Fly out, F7 (Line Drive, 78S, EV 98.1 MPH)
Batting: SHB Katsuya Nomura 0-0: Called Strike
0-1: SINGLE (Line Drive, 6MD, EV 98.8 MPH)
Greg O'Day to third
Levka Efremov to second
Runner from 3rd tries for Home, SAFE, throw by CF to home
Batting: RHB Ryan Conley 0-0: Called Strike
0-1: Called Strike
0-2: Ball
1-2: Foul Ball, location: 2F
1-2: Ball
2-2: Fly out, F3 (Popup, 3S, EV 73.8 MPH)
Top of the 2nd over - 4 runs, 3 hits, 0 errors, 2 left on base; Athletic Club KC Academy 4 - Northville 0
BOTTOM OF THE 2ND
Northville Eclipse batting - Pitching for Athletic Club KC Academy : RHP Jamie Miller
Batting: SHB Tom Lenehan 0-0: Called Strike
0-1: Fly out, F5 (Popup, 56S, EV 80.6 MPH)
Batting: RHB Dong Jin 0-0: Ball
1-0: Foul Ball, location: 2F
1-1: Swinging Strike
1-2: Ball
2-2: Ground out 6-3 (Groundball, 6, EV 86.9 MPH)
Batting: SHB Zhu Sa 0-0: Ground out 4-3 (Groundball, 13, EV 88.8 MPH)
Bottom of the 2nd over - 0 runs, 0 hits, 0 errors, 0 left on base; Athletic Club KC Academy 4 - Northville 0
TOP OF THE 3RD
Athletic Club KC Academy batting - Pitching for Northville Eclipse : RHP Constantino Ruíz
Batting: RHB Julián Morcuendez 0-0: Called Strike
0-1: Swinging Strike
0-2: Ball
1-2: Ball
2-2: Strikes out looking
Batting: LHB Motoki Yamasaki 0-0: Swinging Strike
0-1: Ball
1-1: Ball
2-1: Swinging Strike
2-2: Strikes out swinging
Batting: RHB Stefano Lippi 0-0: Foul Ball, location: 2F
0-1: Called Strike
0-2: Strikes out swinging
Top of the 3rd over - 0 runs, 0 hits, 0 errors, 0 left on base; Athletic Club KC Academy 4 - Northville 0
BOTTOM OF THE 3RD
Northville Eclipse batting - Pitching for Athletic Club KC Academy : RHP Jamie Miller
Batting: RHB Manuel Marín 0-0: Ball
1-0: Ball
2-0: Called Strike
2-1: Called Strike
2-2: Foul Ball, location: 2F
2-2: Foul Ball, location: 2F
2-2: Ground out 6-3 (Groundball, 6, EV 79.4 MPH)
Batting: RHB Esteban Costello 0-0: Ball
1-0: Ball
2-0: DOUBLE (Line Drive, 9LM, EV 98.1 MPH)
Batting: LHB Bill Fisher 0-0: Called Strike
0-1: Ball
Esteban Costello steals 3rd base
1-1: Foul Ball, location: 2F
1-2: Ball
2-2: Ground out 4-3 (Groundball, 34D, EV 105.6 MPH)
Esteban Costello scores
Batting: LHB Étienne Jobe 0-0: Ball
1-0: Foul Ball, location: 2F
1-1: Ground out 5-3 (Groundball, 56, EV 88.8 MPH)
Bottom of the 3rd over - 1 run, 1 hit, 0 errors, 0 left on base; Athletic Club KC Academy 4 - Northville 1
TOP OF THE 4TH
Athletic Club KC Academy batting - Pitching for Northville Eclipse : RHP Constantino Ruíz
Batting: LHB Ángel López 0-0: Ball
1-0: Swinging Strike
1-1: Called Strike
1-2: Foul Ball, location: 2F
1-2: Foul Ball, location: 2F
1-2: Foul Ball, location: 2F
1-2: Foul Ball, location: 2F
1-2: Ball
2-2: Strikes out looking
Batting: LHB Greg O'Day 0-0: Called Strike
0-1: Ball
1-1: Ball
2-1: Swinging Strike
2-2: Ball
3-2: Base on Balls
Batting: RHB Levka Efremov 0-0: Ball
1-0: Foul Ball, location: 2F
1-1: Swinging Strike
1-2: Strikes out looking
Batting: RHB Vasan Parthiban 0-0: Ball
Greg O'Day is caught stealing 2nd base 2-4
Top of the 4th over - 0 runs, 0 hits, 0 errors, 0 left on base; Athletic Club KC Academy 4 - Northville 1
BOTTOM OF THE 4TH
Northville Eclipse batting - Pitching for Athletic Club KC Academy : RHP Jamie Miller
Batting: LHB Norberto Pacheco 0-0: Called Strike
0-1: Ball
1-1: Reached on error, E7 (Flyball, 78XD, EV 91.2 MPH)
Batting: RHB Ricardo Vásquez 0-0: Foul Ball, location: 2F
0-1: Ball
1-1: Swinging Strike
1-2: Ball
2-2: Strikes out swinging
Batting: SHB Tom Lenehan 0-0: Foul Ball, location: 2F
0-1: Ball
Wild Pitch!
Norberto Pacheco to third
1-1: Ball
2-1: Called Strike
2-2: Foul Ball, location: 2F
2-2: Foul Ball, location: 2F
2-2: DOUBLE (Line Drive, 78M, EV 87.5 MPH)
Norberto Pacheco scores
Batting: RHB Dong Jin 0-0: Swinging Strike
0-1: Foul Ball, location: 2F
0-2: Strikes out swinging
Batting: SHB Zhu Sa 0-0: Called Strike
0-1: Fly out, F9 (Flyball, 9LD, EV 103.8 MPH)
Bottom of the 4th over - 1 run, 1 hit, 1 error, 1 left on base; Athletic Club KC Academy 4 - Northville 2
TOP OF THE 5TH
Athletic Club KC Academy batting - Pitching for Northville Eclipse : RHP Constantino Ruíz
Batting: RHB Vasan Parthiban 0-0: Ball
1-0: Foul Ball, location: 2F
1-1: Swinging Strike
1-2: Ground out 6-3 (Groundball, 6S, EV 88.1 MPH)
Batting: SHB Katsuya Nomura 0-0: Foul Ball, location: 2F
0-1: Ground out 4-3 (Groundball, 4, EV 79.4 MPH)
Batting: RHB Ryan Conley 0-0: Ball
1-0: Foul Ball, location: 2F
1-1: Swinging Strike
1-2: Ball
2-2: Ball
3-2: Base on Balls
Batting: RHB Julián Morcuendez 0-0: Called Strike
0-1: Called Strike
0-2: Ball
1-2: Strikes out swinging
Top of the 5th over - 0 runs, 0 hits, 0 errors, 1 left on base; Athletic Club KC Academy 4 - Northville 2
BOTTOM OF THE 5TH
Northville Eclipse batting - Pitching for Athletic Club KC Academy : RHP Jamie Miller
Batting: RHB Manuel Marín 0-0: Swinging Strike
0-1: Ball
1-1: Ball
2-1: Ball
3-1: Base on Balls
Batting: RHB Esteban Costello 0-0: Ball
1-0: Ball
2-0: Ball
3-0: Called Strike
3-1: Fielders Choice at 2nd, 5-4 (Groundball, 56, EV 86.2 MPH)
Batting: LHB Bill Fisher 0-0: Ball
Esteban Costello steals 2nd base
1-0: Swinging Strike
1-1: Called Strike
1-2: Foul Ball, location: 2F
1-2: Ground out 6-3 (Groundball, 6, EV 90.0 MPH)
Esteban Costello to third
Batting: LHB Étienne Jobe 0-0: Ball
1-0: Foul Ball, location: 2F
1-1: Foul Ball, location: 2F
1-2: SINGLE (Groundball, 34D, EV 100.0 MPH)
Esteban Costello scores
Batting: LHB Norberto Pacheco 0-0: Ball
Étienne Jobe is caught stealing 2nd base 2-6
Bottom of the 5th over - 1 run, 1 hit, 0 errors, 0 left on base; Athletic Club KC Academy 4 - Northville 3
TOP OF THE 6TH
Athletic Club KC Academy batting - Pitching for Northville Eclipse : RHP Constantino Ruíz
Pitching: RHP Doug Brown
Batting: LHB Motoki Yamasaki 0-0: Ball
1-0: Swinging Strike
1-1: Swinging Strike
1-2: Ground out 6-3 (Groundball, 6, EV 95.0 MPH)
Batting: RHB Stefano Lippi 0-0: Ball
1-0: Called Strike
1-1: Foul Ball, location: 2F
1-2: Strikes out swinging
Batting: LHB Ángel López 0-0: Ball
1-0: Called Strike
1-1: Ball
2-1: Foul Ball, location: 2F
2-2: Ground out U3 (Groundball, 34, EV 82.5 MPH)
Top of the 6th over - 0 runs, 0 hits, 0 errors, 0 left on base; Athletic Club KC Academy 4 - Northville 3
BOTTOM OF THE 6TH
Northville Eclipse batting - Pitching for Athletic Club KC Academy : RHP Jamie Miller
Batting: LHB Norberto Pacheco 0-0: Foul Ball, location: 2F
0-1: SOLO HOME RUN (Flyball, 89XD, EV 113.1 MPH), Distance : 427 ft
Batting: RHB Ricardo Vásquez 0-0: Ball
1-0: Ground out 5-3 (Groundball, 56, EV 85.6 MPH)
Pitching: LHP Jean Voisin
Batting: SHB Tom Lenehan 0-0: Called Strike
0-1: SOLO HOME RUN (Flyball, 78XD, EV 111.9 MPH), Distance : 424 ft
Batting: RHB Dong Jin 0-0: Ball
1-0: Fly out, F9 (Flyball, 9LS, EV 70.0 MPH)
Batting: SHB Zhu Sa 0-0: Swinging Strike
0-1: Foul Ball, location: 2F
0-2: Ball
1-2: Ball
2-2: Ball
3-2: Ground out 6-3 (Groundball, 56, EV 80.0 MPH)
Bottom of the 6th over - 2 runs, 2 hits, 0 errors, 0 left on base; Athletic Club KC Academy 4 - Northville 5
TOP OF THE 7TH
Athletic Club KC Academy batting - Pitching for Northville Eclipse : RHP Doug Brown
Now in LF: Bill Fisher
Now in CF: Ron Whelan
Batting: LHB Greg O'Day 0-0: Called Strike
0-1: Ground out 6-3 (Groundball, 6M, EV 90.6 MPH)
Batting: RHB Levka Efremov 0-0: Called Strike
0-1: Called Strike
0-2: Foul Ball, location: 2F
0-2: Ball
1-2: Foul Ball, location: 2F
1-2: Strikes out swinging
Batting: RHB Vasan Parthiban 0-0: Fly out, F6 (Popup, 6, EV 60.0 MPH)
Top of the 7th over - 0 runs, 0 hits, 0 errors, 0 left on base; Athletic Club KC Academy 4 - Northville 5
BOTTOM OF THE 7TH
Northville Eclipse batting - Pitching for Athletic Club KC Academy : LHP Jean Voisin
Pitching: RHP Paul Brown
Batting: RHB Manuel Marín 0-0: Swinging Strike
0-1: Ball
1-1: Ball
2-1: Ball
3-1: Base on Balls
Batting: RHB Esteban Costello 0-0: Called Strike
0-1: Ball
1-1: Ball
2-1: Called Strike
2-2: Ball
3-2: Ground out 4-3 (Groundball, 4, EV 103.8 MPH)
Manuel Marín to second
Batting: LHB Bill Fisher 0-0: Intentional Walk
Batting: RHB Ron Whelan 0-0: Ball
1-0: Ball
2-0: Fly out, F8 (Flyball, 8RD, EV 101.9 MPH)
Batting: LHB Norberto Pacheco 0-0: Called Strike
0-1: Swinging Strike
0-2: Foul Ball, location: 2F
0-2: Foul Ball, location: 2F
0-2: Ball
1-2: Foul Ball, location: 2F
1-2: SINGLE (Line Drive, 7S, EV 103.1 MPH)
Manuel Marín to third
Bill Fisher to second
Runner from 3rd tries for Home, SAFE, throw by LF to home
Batting: RHB Ricardo Vásquez 0-0: Ball
1-0: Ball
2-0: Foul Ball, location: 2F
2-1: Ball
3-1: Base on Balls
Bill Fisher to third
Norberto Pacheco to second
Batting: SHB Tom Lenehan 0-0: Foul Ball, location: 2F
0-1: Swinging Strike
0-2: Strikes out swinging
Bottom of the 7th over - 1 run, 1 hit, 0 errors, 3 left on base; Athletic Club KC Academy 4 - Northville 6
TOP OF THE 8TH
Athletic Club KC Academy batting - Pitching for Northville Eclipse : RHP Doug Brown
Batting: SHB Katsuya Nomura 0-0: Called Strike
0-1: Ball
1-1: Foul Ball, location: 2F
1-2: Strikes out looking
Batting: RHB Ryan Conley 0-0: Called Strike
0-1: Ball
1-1: Fly out, F7 (Flyball, 7LM, EV 90.6 MPH)
Batting: RHB Julián Morcuendez 0-0: Ball
1-0: Ball
2-0: Foul Ball, location: 2F
2-1: SINGLE (Line Drive, 7LS, EV 110.6 MPH)
Batting: LHB Motoki Yamasaki 0-0: Called Strike
0-1: Ball
1-1: Ball
2-1: Called Strike
2-2: Ground out U3 (Groundball, 3L, EV 90.6 MPH)
Top of the 8th over - 0 runs, 1 hit, 0 errors, 1 left on base; Athletic Club KC Academy 4 - Northville 6
BOTTOM OF THE 8TH
Northville Eclipse batting - Pitching for Athletic Club KC Academy : RHP Paul Brown
Batting: RHB Dong Jin 0-0: Swinging Strike
0-1: Ball
1-1: Foul Ball, location: 2F
1-2: Strikes out swinging
Pitching: RHP Matt Blair
Batting: SHB Zhu Sa 0-0: Called Strike
0-1: Ball
1-1: Called Strike
1-2: Ball
2-2: Ball
3-2: Foul Ball, location: 2F
3-2: DOUBLE (Line Drive, 7LD, EV 110.0 MPH)
Batting: RHB Manuel Marín 0-0: Foul Ball, location: 2F
0-1: SINGLE (Flyball, 3D, EV 100.0 MPH)
Zhu Sa to third
Batting: RHB Esteban Costello 0-0: Ball
1-0: Called Strike
1-1: Ball
Manuel Marín is caught stealing 2nd base 2-4
2-1: Swinging Strike
2-2: Strikes out swinging
Bottom of the 8th over - 0 runs, 2 hits, 0 errors, 1 left on base; Athletic Club KC Academy 4 - Northville 6
TOP OF THE 9TH
Athletic Club KC Academy batting - Pitching for Northville Eclipse : RHP Doug Brown
Pitching: RHP George Law
Batting: RHB Stefano Lippi 0-0: Ball
1-0: Foul Ball, location: 2F
1-1: Fly out, F9 (Flyball, 9D, EV 110.6 MPH)
Batting: LHB Ángel López 0-0: Called Strike
0-1: Ball
1-1: Ball
2-1: Ball
3-1: Base on Balls
Batting: LHB Greg O'Day 0-0: Ball
1-0: Called Strike
1-1: Foul Ball, location: 2F
1-2: 2-RUN HOME RUN (Flyball, 78XD, EV 103.1 MPH), Distance : 437 ft
Batting: RHB Levka Efremov 0-0: Called Strike
0-1: Swinging Strike
0-2: Strikes out looking
Batting: RHB Vasan Parthiban 0-0: Ball
1-0: Foul Ball, location: 2F
1-1: Fly out, F6 (Popup, 6, EV 53.8 MPH)
Top of the 9th over - 2 runs, 1 hit, 0 errors, 0 left on base; Athletic Club KC Academy 6 - Northville 6
BOTTOM OF THE 9TH
Northville Eclipse batting - Pitching for Athletic Club KC Academy : RHP Matt Blair
Batting: LHB Bill Fisher 0-0: Called Strike
0-1: Ball
1-1: Fly out, F6 (Popup, 6, EV 73.1 MPH)
Batting: RHB Ron Whelan 0-0: Ball
1-0: Called Strike
1-1: DOUBLE (Line Drive, 89D, EV 100.6 MPH)
Batting: LHB Norberto Pacheco 0-0: Ground out 4-3 (Groundball, 4, EV 92.5 MPH)
Ron Whelan to third
Batting: RHB Ricardo Vásquez 0-0: Ball
1-0: Foul Ball, location: 2F
1-1: Fly out, F8 (Flyball, 8LM, EV 82.5 MPH)
Bottom of the 9th over - 0 runs, 1 hit, 0 errors, 1 left on base; Athletic Club KC Academy 6 - Northville 6
TOP OF THE 10TH
Athletic Club KC Academy batting - Pitching for Northville Eclipse : RHP George Law
Batting: SHB Katsuya Nomura 0-0: DOUBLE (Flyball, 9D, EV 109.4 MPH)
Batting: RHB Ryan Conley 0-0: Foul Ball, location: 2F
0-1: Ball
1-1: DOUBLE (Line Drive, 5D, EV 96.2 MPH)
Katsuya Nomura scores
Batting: LHB Dave Pope 0-0: Ball
1-0: Called Strike
1-1: Foul Ball, location: 2F
1-2: SINGLE (Flyball, 3D, EV 89.4 MPH)
Ryan Conley to third
Batting: LHB Motoki Yamasaki 0-0: Called Strike
0-1: Ball
1-1: Ball
2-1: Foul Ball, location: 2F
2-2: Strikes out looking
Batting: RHB Stefano Lippi 0-0: Ball
1-0: Fly out, F7 (Flyball, 78D, EV 84.4 MPH)
Runner from 3rd tags up, SCORES, throw by LF
Pitching: RHP Doug Martin
Batting: LHB Ángel López 0-0: Called Strike
0-1: Ball
1-1: Foul Ball, location: 2F
1-2: DOUBLE (Line Drive, 7LM, EV 110.6 MPH)
Dave Pope to third
Batting: LHB Greg O'Day 0-0: Swinging Strike
0-1: Ball
1-1: Foul Ball, location: 2F
1-2: Foul Ball, location: 2F
1-2: Ground out 6-3 (Groundball, 6, EV 83.8 MPH)
Top of the 10th over - 2 runs, 4 hits, 0 errors, 2 left on base; Athletic Club KC Academy 8 - Northville 6
BOTTOM OF THE 10TH
Northville Eclipse batting - Pitching for Athletic Club KC Academy : RHP Matt Blair
Pitching: RHP Frank Simmons
Batting: SHB Tom Lenehan 0-0: Called Strike
0-1: Ball
1-1: Fly out, F9 (Flyball, 9LM, EV 83.8 MPH)
Batting: RHB Dong Jin 0-0: Foul Ball, location: 2F
0-1: Ball
1-1: Ball
2-1: SINGLE (Groundball, 6S, EV 66.2 MPH) (infield hit)
Batting: SHB Zhu Sa 0-0: Ball
1-0: 2-RUN HOME RUN (Flyball, 89XD, EV 109.4 MPH), Distance : 434 ft
Batting: RHB Manuel Marín 0-0: Called Strike
0-1: Swinging Strike
0-2: Ball
1-2: Fly out, F4 (Popup, 4M, EV 51.9 MPH)
Batting: RHB Esteban Costello 0-0: Fly out, F8 (Flyball, 89D, EV 80.6 MPH)
Bottom of the 10th over - 2 runs, 2 hits, 0 errors, 0 left on base; Athletic Club KC Academy 8 - Northville 8
TOP OF THE 11TH
Athletic Club KC Academy batting - Pitching for Northville Eclipse : RHP Doug Martin
Batting: RHB Levka Efremov 0-0: Ground out 4-3 (Groundball, 4S, EV 90.0 MPH)
Batting: RHB Vasan Parthiban 0-0: Ball
1-0: Foul Ball, location: 2F
1-1: Swinging Strike
1-2: DOUBLE (Line Drive, 5D, EV 103.8 MPH)
Batting: SHB Katsuya Nomura 0-0: Intentional Walk
Batting: RHB Ryan Conley 0-0: Called Strike
0-1: Foul Ball, location: 2F
0-2: Strikes out swinging
Batting: LHB Dave Pope 0-0: Fly out, F8 (Flyball, 89D, EV 97.5 MPH)
Top of the 11th over - 0 runs, 1 hit, 0 errors, 2 left on base; Athletic Club KC Academy 8 - Northville 8
BOTTOM OF THE 11TH
Northville Eclipse batting - Pitching for Athletic Club KC Academy : RHP Frank Simmons
Batting: LHB Bill Fisher 0-0: Foul Ball, location: 2F
0-1: Ball
1-1: Ball
2-1: Ball
3-1: Ground out 6-3 (Groundball, 6M, EV 88.8 MPH)
Batting: RHB Ron Whelan 0-0: Ball
1-0: Called Strike
1-1: Ball
2-1: SINGLE (Groundball, 25, EV 70.6 MPH) (infield hit)
Batting: LHB Norberto Pacheco 0-0: Grounds into double play, 5-4-3 (Groundball, 6S, EV 93.1 MPH)
Bottom of the 11th over - 0 runs, 1 hit, 0 errors, 0 left on base; Athletic Club KC Academy 8 - Northville 8
TOP OF THE 12TH
Athletic Club KC Academy batting - Pitching for Northville Eclipse : RHP Doug Martin
Batting: LHB Motoki Yamasaki 0-0: Ball
1-0: Called Strike
1-1: Ball
2-1: Called Strike
2-2: Strikes out swinging
Batting: RHB Stefano Lippi 0-0: Ball
1-0: Ball
2-0: Foul Ball, location: 2F
2-1: Ball
3-1: Base on Balls
Batting: LHB Ángel López 0-0: Ball
1-0: Ball
2-0: Called Strike
Pickoff Throw by Catcher to First - Out!
2-1: Ground out 4-3 (Groundball, 4, EV 105.6 MPH)
Top of the 12th over - 0 runs, 0 hits, 0 errors, 0 left on base; Athletic Club KC Academy 8 - Northville 8
BOTTOM OF THE 12TH
Northville Eclipse batting - Pitching for Athletic Club KC Academy : RHP Frank Simmons
Batting: RHB Ricardo Vásquez 0-0: Ball
1-0: Ball
2-0: Ball
3-0: Foul Ball, location: 2F
3-1: Called Strike
3-2: Strikes out swinging
Batting: SHB Tom Lenehan 0-0: Ball
1-0: Called Strike
1-1: Swinging Strike
1-2: Fly out, F9 (Line Drive, 9S, EV 92.5 MPH)
Batting: RHB Dong Jin 0-0: Foul Ball, location: 2F
0-1: Called Strike
0-2: Ball
1-2: Foul Ball, location: 2F
1-2: Foul Ball, location: 2F
1-2: Fly out, F8 (Flyball, 78XD, EV 97.5 MPH)
Bottom of the 12th over - 0 runs, 0 hits, 0 errors, 0 left on base; Athletic Club KC Academy 8 - Northville 8
TOP OF THE 13TH
Athletic Club KC Academy batting - Pitching for Northville Eclipse : RHP Doug Martin
Batting: LHB Greg O'Day 0-0: Ground out U3 (Groundball, 3, EV 83.8 MPH)
Batting: RHB Levka Efremov 0-0: Called Strike
0-1: Ball
1-1: Ball
2-1: Swinging Strike
2-2: Foul Ball, location: 2F
2-2: Ball
3-2: Strikes out swinging
Batting: RHB Vasan Parthiban 0-0: Called Strike
0-1: Swinging Strike
0-2: Ball
1-2: Ball
2-2: Ball
3-2: Foul Ball, location: 2F
3-2: Base on Balls
Pitching: RHP Matt Thomas
Batting: SHB Katsuya Nomura 0-0: Ball
1-0: Called Strike
1-1: Ball
2-1: Swinging Strike
2-2: Foul Ball, location: 2F
2-2: 2-RUN HOME RUN (Line Drive, 89XD, EV 110.0 MPH), Distance : 429 ft
Batting: RHB Ryan Conley 0-0: Ball
1-0: Called Strike
1-1: Ball
2-1: Foul Ball, location: 2F
2-2: Ground out 6-3 (Groundball, 6, EV 89.4 MPH)
Top of the 13th over - 2 runs, 1 hit, 0 errors, 0 left on base; Athletic Club KC Academy 10 - Northville 8
BOTTOM OF THE 13TH
Northville Eclipse batting - Pitching for Athletic Club KC Academy : RHP Frank Simmons
Pitching: LHP Willie Woodward
Batting: SHB Zhu Sa 0-0: Ball
1-0: Called Strike
1-1: Called Strike
1-2: Ball
2-2: Ball
3-2: Strikes out looking
Batting: RHB Manuel Marín 0-0: Called Strike
0-1: Called Strike
0-2: Strikes out swinging
Batting: RHB Esteban Costello 0-0: Foul Ball, location: 2F
0-1: Ball
1-1: Ball
2-1: Swinging Strike
2-2: Foul Ball, location: 2F
2-2: Ground out 6-3 (Groundball, 6, EV 82.5 MPH)
Bottom of the 13th over - 0 runs, 0 hits, 0 errors, 0 left on base; Athletic Club KC Academy 10 - Northville 8
Monday, October 31st , 2022 - OOTP Baseball 22.12 Build 89